 Dungeon Crawl Stone Soup version 0.22-a0-558-gc224181 (webtiles) character file.

46 kae the Insei (level 3, 0/26 HPs)
             Began as a Demonspawn Transmuter on June 26, 2018.
             Succumbed to an adder's poison
             ... on level 2 of the Dungeon.
             The game lasted 00:01:40 (1074 turns).

kae the Insei (Demonspawn Transmuter)               Turns: 1074, Time: 00:01:41

Health: 0/26       AC:  3    Str: 10    XL:     3   Next: 46%
Magic:  6/6        EV: 12    Int: 12    God:
Gold:   32         SH:  0    Dex: 14    Spells: 0/6 levels left

rFire    . . .     SeeInvis .   c - -1 whip (curse)
rCold    . . .     Gourm    .   (no shield)
rNeg     . . .     Faith    .   b - +0 robe
rPois    .         Spirit   .   (helmet restricted)
rElec    .         Reflect  .   (no cloak)
rCorr    .         Harm     .   e - +0 pair of gloves
MR       .....                  (no boots)
Stlth    +.........             (no amulet)
HPRegen  0.08/turn              (no ring)
MPRegen  0.10/turn              (no ring)

@: lethally poisoned (0 -> -4)
A: horns 1, dopey 1, mutation resistance 1
a: no special abilities


You were on level 2 of the Dungeon.
You were not hungry.

You visited 1 branch of the dungeon, and saw 2 of its levels.

You collected 32 gold pieces.

Inventory:

Hand Weapons
 c - a cursed -1 whip (weapon)
Missiles
 a - 25 arrows
Armour
 b - a +0 robe (worn)
 e - a +0 pair of gloves (worn)
Scrolls
 f - a scroll of identify {unknown}
Comestibles
 d - 4 rations
 g - 4 chunks of flesh


   Skills:
 + Level 1.5 Fighting
 - Level 1.7 Dodging
 * Level 3.2 Unarmed Combat
 + Level 2.3 Spellcasting
 * Level 2.5 Transmutations


You couldn't memorise any spells.
You knew the following spells:

 Your Spells              Type           Power        Failure   Level  Hunger
a - Beastly Appendage     Tmut           #.....       10%         1    ##.....
b - Sticks to Snakes      Tmut           #.......     14%         2    ###....
c - Spider Form           Tmut/Pois      #.........   43%         3    ####...

Your spell library contained the following spells:

 Spells                   Type           Power        Failure   Level  Hunger
 Blade Hands              Tmut           #.........   95%         5    ######.
 Ice Form                 Ice/Tmut       #.......     83%         4    #####..


Dungeon Overview and Level Annotations

Branches:
Dungeon (2/15)

Altars:


Innate Abilities, Weirdness & Mutations

You have a pair of small horns on your head.
You are dopey. (Int -2)
You are somewhat resistant to further mutation.


Message History

The adder is severely wounded.
* * * LOW HITPOINT WARNING * * *
You feel sick.
Your adder barely misses the adder.
Your adder bites the worm but does no damage.
The adder misses you.
Your adder misses the adder. The worm closely misses your adder.
It was a potion of mutation.
You feel extremely strange.
You feel stupid.
You feel genetically stable.
Your adder bites the worm.
The worm is poisoned.
Your adder poisons the worm!
The adder bites you.
* * * LOW HITPOINT WARNING * * *
Your adder bites the adder.
The adder looks even sicker.
Your adder poisons the adder!
Your adder bites the worm.
The adder misses your adder.
It was a potion of magic.
Magic courses through your body.
Your talons disappear.
The adder dies!
Your adder bites the worm.
The worm looks even sicker.
Your adder poisons the worm!
The worm bites your adder.
You die...

##.....### #...[...#.
#.......#. ######
#.......#. ......#
#.....### .......##
#...# #
........##+#######'#####
....>...................
♣P....@................
♣....SS...$............
♣....w.##+#######+#####
.P.....## # ......# ##
...... #. ♣♣.... #.
♣.... #. ##


You could see a worm and 2 friendly adders.

Vanquished Creatures
  An adder (D:1)
  A leopard gecko (D:1)
  4 bats
  3 giant cockroaches
  A goblin (D:1)
  2 hobgoblins
  3 kobolds (D:1)
  3 rats
18 creatures vanquished.

Vanquished Creatures (collateral kills)
  An adder (D:2)
  4 worms (D:2)
5 creatures vanquished.

Grand Total: 23 creatures vanquished

Notes
Turn   | Place    | Note
-------+----------+-------------------------------------------
     0 | D:1      | kae the Demonspawn Transmuter began the quest for the Orb.
     0 | D:1      | Reached XP level 1. HP: 15/15 MP: 3/3
   561 | D:1      | Gained mutation: You have a pair of small horns on your head. [demonic ancestry]
   561 | D:1      | Reached XP level 2. HP: 21/21 MP: 3/5
   730 | D:1      | Reached skill level 3 in Unarmed Combat
   872 | D:1      | Learned a level 2 spell: Sticks to Snakes
   878 | D:2      | Reached XP level 3. HP: 26/26 MP: 3/6
   883 | D:2      | Learned a level 3 spell: Spider Form
  1072 | D:2      | Gained mutation: You are dopey. (Int -2) [potion of mutation]
  1072 | D:2      | Gained mutation: You are somewhat resistant to further mutation. [potion of mutation]
  1072 | D:2      | HP: 1/26 [adder (1)]
  1074 | D:2      | Succumbed to an adder's poison

Vault maps used:
D:1:      grunt_arrival_lava_bath, kennysheep_decorative_pillar
D:2:      kennysheep_six_static_rooms, gammafunk_temple_overflow_claw,
          nicolae_overflow_crystal_walls, minmay_fountain_box, kennysheep_boxes

Skill      XL: |  1  2 |
---------------+-------+-----
Transmutations | 2 |  2.5
Unarmed Combat | 3 |  3.2
Fighting       | |  1.5
Dodging        | |  1.7
Spellcasting   | |  2.3

Action                   || total
-------------------------++-------
Melee: Whip              ||   101
       Kick              ||    16
       Unarmed           ||     6
       Headbutt          ||     7
 Cast: Beastly Appendage ||    13
       Sticks to Snakes  ||     5
  Use: Potion            ||     2
 Stab: Sleeping          ||     3
       Distracted        ||     1
  Eat: Chunk             ||     1
Armor: Robe              ||    38
Dodge: Dodged            ||   110

Table legend:
 A = Spawn XP
 B = Non-spawn XP
 C = Spawn XP percentage of total XP
 D = Spawn monster count
 E = Non-spawn monster count
 F = Spawn count percentage of total count
 G = Total turns spent on level
                    A         B        C        D         E        F      G
               +---------+---------+-------+---------+---------+-------+---------
         Total |       0 |      67 |   0.0 |       0 |      23 |   0.0 |  1074
               +---------+---------+-------+---------+---------+-------+---------
           D:1 |       0 |      36 |   0.0 |       0 |      14 |   0.0 |   862
           D:2 |       0 |      31 |   0.0 |       0 |       9 |   0.0 |   212
               +---------+---------+-------+---------+---------+-------+---------
